 Dungeon Crawl Stone Soup version 0.22.1-1-ga44c0e5 (webtiles) character file.

73 Anon1729 the Chopper (level 4, -2/40 HPs)
             Began as a Naga Gladiator on Oct 17, 2018.
             Slain by Grinder (4 damage)
             ... on level 3 of the Dungeon.
             The game lasted 00:02:30 (1405 turns).

Anon1729 the Chopper (Naga Gladiator)               Turns: 1405, Time: 00:02:30

Health: -2/40      AC:  8    Str: 15 (16) XL:     4   Next: 27%
Magic:  4/4        EV:  5    Int:  8 (9)  God:
Gold:   119        SH:  0    Dex: 10 (13) Spells: 3/3 levels left

rFire    + . .     SeeInvis +   a - +0 war axe
rCold    + + .     Gourm    .   (no shield)
rNeg     + . .     Faith    .   j - +2 chain mail {rC+}
rPois    +         Spirit   .   c - +0 helmet
rElec    +         Reflect  .   (no cloak)
rCorr    +         Harm     .   (no gloves)
MR       .....                  (no barding)
Stlth    ..........             (no amulet)
HPRegen  0.13/turn              o - ring of positive energy
MPRegen  0.09/turn              n - +3 ring of slaying

@: resistant, very slow
A: large, see invisible, deformed body, poison resistance, slowness 2, slow
metabolism 1, spit poison 1, AC +1
a: Spit Poison


You were on level 3 of the Dungeon.
You were not hungry.

You visited 1 branch of the dungeon, and saw 3 of its levels.

You collected 119 gold pieces.

Inventory:

Hand Weapons
 a - a +0 war axe (weapon)
Missiles
 d - 3 throwing nets (quivered)
Armour
 b - a +0 leather armour
 c - a +0 helmet (worn)
 j - a +2 chain mail of cold resistance (worn)
Jewellery
 n - a +3 ring of slaying (right hand)
 o - a ring of positive energy (left hand)
Scrolls
 g - a scroll of immolation {unknown}
 h - 2 scrolls of remove curse {unknown}
 l - 2 scrolls of teleportation {unknown}
 q - 2 scrolls of identify {unknown}
Comestibles
 f - 8 rations
 k - 7 chunks of flesh


   Skills:
 + Level 2.7 Fighting
 * Level 4.1 Axes
 - Level 1.8 Throwing
 + Level 2.9 Dodging


You had 3 spell levels left.
You didn't know any spells.
Your spell library was empty.

Dungeon Overview and Level Annotations

Branches:
Dungeon (3/15)

Altars:

Annotations:
D:3 Grinder


Innate Abilities, Weirdness & Mutations

You cannot wear boots.
Your serpentine skin is tough. (AC +1)
You have supernaturally acute eyesight. (SInv)
Armour fits poorly on your strangely shaped body.
Your system is resistant to poisons. (rPois)
You cover ground very slowly.
You have a slow metabolism.
You can spit poison.


Message History

You suddenly lose the ability to move!
Grinder hits you but does no damage. Grinder hits you but does no damage.
Grinder hits you!
* * * LOW HITPOINT WARNING * * *
Grinder hits you.
* * * LOW HITPOINT WARNING * * *
You writhe in agony.
* * * LOW HITPOINT WARNING * * *
Grinder hits you but does no damage. Grinder gestures at you.
You shrug off the repeated paralysis!
Grinder hits you.
* * * LOW HITPOINT WARNING * * *
You can move again.
Unknown command.
Unknown command.
You hit Grinder.
Grinder is almost dead.
Grinder hits you.
You die...

#.##...........#
#.##...........#
#.##............
#########.# ..........#
........#.# #........#
#######.#.# #........##
#######...######.####...
.....................)..
#########.######@5......
####### #.# #...........
......###<###########...
..###............ ##
..[..............
....รท............
..###.###.####### .##
#.# #.# ## #.. ...


You could see Grinder.

Vanquished Creatures
  3 adders (D:2)
  A worm (D:2)
  2 dart slugs
  A leopard gecko (D:2)
  6 bats
  2 giant cockroaches
  4 goblins
  2 hobgoblins
  3 jackals (D:3)
  A quokka (D:2)
  6 frilled lizards
  6 kobolds
  3 rats
40 creatures vanquished.

Notes
Turn   | Place    | Note
-------+----------+-------------------------------------------
     0 | D:1      | Anon1729 the Naga Gladiator began the quest for the Orb.
     0 | D:1      | Reached XP level 1. HP: 19/19 MP: 1/1
   158 | D:1      | Reached XP level 2. HP: 21/26 MP: 2/2
   727 | D:2      | Reached XP level 3. HP: 31/33 MP: 3/3
   940 | D:2      | Reached XP level 4. HP: 21/40 MP: 4/4
   988 | D:2      | Reached skill level 4 in Axes
  1374 | D:3      | Noticed Grinder
  1383 | D:3      | Paralysed by Grinder for 7 turns
  1398 | D:3      | Paralysed by Grinder for 7 turns
  1404 | D:3      | HP: 2/40 [Grinder (4)]
  1405 | D:3      | Slain by Grinder

Skill      XL: |  1  2  3  4 |
---------------+-------------+-----
Axes           | 4 |  4.1
Fighting       | |  2.7
Throwing       | |  1.8
Dodging        | |  2.9

Action                   |  1- 3 |  4- 6 || total
-------------------------+-------+-------++-------
Melee: War axe           |    81 |    38 ||   119
 Abil: Spit Poison       |       |     2 ||     2
  Use: Potion            |       |     3 ||     3
  Eat: Chunk             |       |     1 ||     1
Armor: Leather armour    |     6 |       ||     6
       Chain mail        |    56 |    39 ||    95
Dodge: Dodged            |    48 |    23 ||    71
